 Dungeon Crawl Stone Soup version 0.22.1-1-ga44c0e5 (webtiles) character file.

34893 brandon the Severer (level 13, -1/178 HPs)
             Began as a Minotaur Berserker on Oct 3, 2018.
             Was a High Priest of Trog.
             Succumbed to a sea snake's poison
             ... on level 5 of the Lair of Beasts.
             The game lasted 00:39:53 (17373 turns).

brandon the Severer (Minotaur Berserker)           Turns: 17373, Time: 00:39:55

Health: -1/178     AC: 19    Str: 26    XL:     13   Next: 44%
Magic:  12/12      EV: 16    Int:  4    God:    Trog [*****.]
Gold:   973        SH:  0    Dex: 21    Spells: 12/12 levels left

rFire    + . .     SeeInvis +   O - +2 executioner's axe (flame)
rCold    . . .     Gourm    +   (shield currently unavailable)
rNeg     . . .     Faith    .   N - +2 plate armour {rF+}
rPois    .         Spirit   .   (helmet restricted)
rElec    .         Reflect  .   (no cloak)
rCorr    .         Harm     .   (no gloves)
MR       .....                  m - +0 pair of boots
Stlth    ..........             C - amulet of the gourmand
HPRegen  0.39/turn              n - ring "Qaruesips" {+Blink Dex+5 Slay+3 SInv}
MPRegen  0.13/turn              z - +2 ring of evasion

@: berserking, lethally poisoned (-1 -> -29), studying Air Magic, very quick
A: retaliatory headbutt, horns 2
a: Berserk, Trog's Hand, Brothers in Arms, Renounce Religion, Evoke Blink


You were on level 5 of the Lair of Beasts.
You worshipped Trog.
Trog was extremely pleased with you.
You were very full.

You visited 2 branches of the dungeon, and saw 17 of its levels.
You also visited: Volcano.

You collected 1033 gold pieces.
You spent 60 gold pieces at shops.

Inventory:

Hand Weapons
 M - a +5 spear
 O - a +2 executioner's axe of flaming (weapon)
Missiles
 P - 6 javelins of returning (quivered)
Armour
 m - a +0 pair of boots (worn)
 N - a +2 plate armour of fire resistance (worn)
Jewellery
 l - an uncursed ring of fire
 n - the ring "Qaruesips" (left hand) {+Blink Dex+5 Slay+3 SInv}
   (You found it on level 4 of the Dungeon)

   [ring of see invisible]

   It affects your dexterity (+5).
   It affects your accuracy and damage with ranged weapons and melee attacks
   (+3).
   It lets you see invisible.
   It lets you blink.
 z - a +2 ring of evasion (right hand)
 A - an uncursed amulet of rage
 C - an amulet of the gourmand (around neck)
 H - an uncursed ring of positive energy
 Q - an uncursed ring of poison resistance {unknown}
Wands
 d - a wand of acid (17)
 t - a wand of polymorph (12)
 v - a wand of disintegration (39)
 y - a wand of paralysis (51)
 L - a wand of digging (12)
 S - a wand of iceblast (14)
Scrolls
 i - 4 scrolls of immolation
 k - a scroll of magic mapping
 o - 2 scrolls of fear
 p - 5 scrolls of remove curse
 q - a scroll of enchant weapon {unknown}
 r - a scroll of fog {unknown}
 s - 2 scrolls of enchant armour {unknown}
 u - a scroll of noise {unknown}
 B - 2 scrolls of blinking {unknown}
 F - a scroll of holy word {unknown}
 J - 2 scrolls of teleportation
 R - a scroll of summoning {unknown}
 T - a scroll of identify
Potions
 a - a potion of magic {unknown}
 b - 2 potions of might
 e - 6 potions of curing
 f - 3 potions of haste
 g - 2 potions of agility
 h - 2 potions of heal wounds
 j - 6 potions of resistance
 w - 4 potions of brilliance
 x - a potion of invisibility
 G - 2 potions of lignification
 K - a potion of degeneration {unknown}
Books
 D - a manual of Air Magic Trog disapproves of the use of such an item.
Miscellaneous
 I - a lamp of fire
Comestibles
 c - 24 rations


   Skills:
 + Level 12.6 Fighting
 * Level 17.7 Axes
 + Level 13.2 Armour
 + Level 8.9 Dodging
 - Level 1.9 Stealth
 - Level 0.5 Evocations


You had 12 spell levels left.
You didn't know any spells.
Your spell library contained the following spells:

 Spells                   Type           Power        Failure   Level  Hunger
 Summon Butterflies       Summ           #.......     99%         1    ##.....
 Call Canine Familiar     Summ           #.......     100%        3    ####...
 Summon Ice Beast         Ice/Summ       #.......     100%        4    #####..
 Summon Mana Viper        Hex/Summ       #.......     100%        5    ######.
 Summon Hydra             Summ           #.........   100%        7    #######


Dungeon Overview and Level Annotations

Branches:
Dungeon (11/15)            Temple (0/1) D:5            Lair (6/6) D:10
 Shoals (0/4) Lair:4       Spider (0/4) Lair:4        Slime (0/5) Lair:5
    Orc: D:9-12

Altars:
Elyvilon
Makhleb
Nemelex Xobeh
Jiyva

Shops:
D:4 (   D:9 *

Annotations:
D:3 2 transporters, zapotec's ghost, amateur OpTm


Innate Abilities, Weirdness & Mutations

You reflexively headbutt those who attack you in melee.
You have a pair of horns on your head.


Message History

The elephant tramples you but does no damage.
The elephant barely misses you.
You cut the death yak into ribbons!!! You burn the death yak.
You kill the death yak!
Trog accepts your kill.
You slash the spiny frog! You burn the spiny frog. You slice the death yak!!
You burn the death yak.
You kill the death yak!
Trog accepts your kill.
You hit the elephant. You burn the elephant.
* * * LOW HITPOINT WARNING * * *
You feel sick. The spiny frog stings you.
* * * LOW HITPOINT WARNING * * *
You slash the spiny frog! You burn the spiny frog.
You kill the spiny frog!
Trog accepts your kill.
You slice the elephant!! You burn the elephant.
You kill the elephant!
Trog accepts your kill.
You die...

.##.# #...........P## #####
###...........#
#.........###
#......P...###
#####....#.##.#..# ##
####.#...P########..## .#
###........## #...# .##
#.#....†.†#.# ##### ..#
##.#....†@..##
..######........††.#
_...#....####.>...###
......PP..# #.....#.#
.........######.....#
...#........#.#....## ###
#P##.........##...#####.##
#####........##....##.##.##
##........##.....##....###


There were no monsters in sight!

Vanquished Creatures
  4 hydras
  A queen ant (Lair:3)
  6 death yaks
  2 skeletal warriors (Volcano)
  A sea snake (Lair:5)
  An anaconda skeleton (Volcano)
  An elephant (Lair:5)
  3 merfolk sirens (Lair:4)
  A black mamba (Lair:3)
  Joseph (D:7)
  2 gargoyles (Volcano)
  11 spiny frogs
  2 rime drakes
  4 komodo dragons
  5 jumping spiders
  A troll (D:6)
  A queen bee (D:9)
  A merfolk (Lair:4)
  4 dream sheep (Lair:4)
  9 blink frogs
  7 hippogriffs
  3 redbacks (Lair:4)
  2 alligator skeletons (Volcano)
  2 flying skulls (Volcano)
  2 wyverns
  23 yaks
  2 hungry ghosts
  6 soldier ants (Lair:3)
  Duvessa (D:5)
  2 water moccasins
  7 porcupines
  2 black bears
  4 orc warriors
  An ice beast (D:10)
  8 wolves
  3 sky beasts
  5 ogres
  10 crocodiles
  5 centaurs
  9 bullfrogs
  Dowan (D:5)
  4 scorpions
  23 killer bees
  A vampire bat (Lair:4)
  A spriggan skeleton (Volcano)
  2 wights (D:11)
  An electric eel (Lair:1)
  2 crimson imps (D:5)
  A bullfrog zombie (D:5)
  4 hounds
  3 jellies
  6 orc wizards
  4 orc priests
  A bullfrog skeleton (D:5)
  Jessica (D:5)
  A centaur skeleton (D:8)
  6 iguanas
  19 worker ants
  A hell rat (D:10)
  A naga skeleton (Volcano)
  2 worker ant zombies
  9 gnolls
  13 adders
  2 shadow imps (D:8)
  An ooze (D:2)
  3 adder skeletons
  An adder zombie (D:5)
  4 worms
  5 dart slugs
  4 leopard geckos
  31 orcs
  19 bats
  5 giant cockroaches
  7 goblins
  12 hobgoblins
  4 jackals (D:1)
  6 quokkas
  4 ball pythons
  A giant cockroach zombie (D:5)
  2 kobolds (D:1)
  A leopard gecko skeleton (D:5)
  A quokka zombie (D:6)
  7 rats
  5 fungi
  4 plants
401 creatures vanquished.

Vanquished Creatures (collateral kills)
  A gargoyle (Volcano)
  A jumping spider (Lair:4)
2 creatures vanquished.

Vanquished Creatures (others)
  4 fungi
  2 plants
6 creatures vanquished.

Grand Total: 409 creatures vanquished

Notes
Turn   | Place    | Note
-------+----------+-------------------------------------------
     0 | D:1      | brandon the Minotaur Berserker began the quest for the Orb.
     0 | D:1      | Reached XP level 1. HP: 19/19 MP: 0/0
   114 | D:1      | Reached skill level 4 in Axes
   114 | D:1      | Reached XP level 2. HP: 22/27 MP: 1/1
   297 | D:1      | Reached XP level 3. HP: 24/34 MP: 2/2
   417 | D:1      | Reached ** piety under Trog
   871 | D:2      | Reached XP level 4. HP: 41/41 MP: 3/3
   952 | D:2      | Reached skill level 5 in Axes
  1555 | D:3      | Noticed a sky beast
  1569 | D:3      | Killed a sky beast
  1569 | D:3      | Reached skill level 6 in Axes
  1569 | D:3      | Reached XP level 5. HP: 47/47 MP: 4/4
  1696 | D:3      | Found a transporter.
  1806 | D:3      | Found a transporter.
  1806 | D:3      | Noticed zapotec's ghost (amateur OpTm)
  1807 | D:3      | Noticed an ogre
  2283 | D:4      | Got a smoking glass ring
  2330 | D:4      | Reached XP level 6. HP: 51/55 MP: 5/5
  2371 | D:4      | Reached *** piety under Trog
  2375 | D:4      | Reached skill level 5 in Fighting
  2469 | D:4      | Found Dopoydir's Antique Weapon Boutique.
  2580 | D:4      | Reached skill level 7 in Axes
  2896 | D:5      | Entered Level 5 of the Dungeon
  2945 | D:5      | Noticed a sky beast
  2957 | D:5      | Killed a sky beast
  2957 | D:5      | Reached XP level 7. HP: 61/61 MP: 6/6
  3177 | D:5      | Noticed Duvessa
  3207 | D:5      | Reached skill level 5 in Armour
  3245 | D:5      | Killed Duvessa
  3245 | D:5      | Reached skill level 8 in Axes
  3291 | D:5      | Noticed Dowan
  3296 | D:5      | Killed Dowan
  3513 | D:5      | Found a staircase to the Ecumenical Temple.
  3617 | D:5      | Reached XP level 8. HP: 70/70 MP: 7/7
  3801 | D:5      | Reached **** piety under Trog
  3801 | D:5      | Reached skill level 9 in Axes
  3875 | D:5      | Found a sparkling altar of Nemelex Xobeh.
  3875 | D:5      | Noticed Jessica
  3884 | D:5      | Killed Jessica
  4343 | D:6      | Noticed a troll
  4356 | D:6      | Killed a troll
  4615 | D:6      | Reached skill level 10 in Axes
  4859 | D:6      | Found a sparkling altar of Nemelex Xobeh.
  5377 | D:6      | Identified the ring "Qaruesips" {+Blink Dex+5 Slay+3 SInv}
                  | (You found it on level 4 of the Dungeon)
  5654 | D:7      | Reached XP level 9. HP: 78/78 MP: 8/8
  5812 | D:7      | Noticed Joseph
  5835 | D:7      | Killed Joseph
  5835 | D:7      | Reached skill level 11 in Axes
  6091 | D:7      | Reached skill level 1 in Stealth
  7040 | D:8      | Reached ***** piety under Trog
  7072 | D:8      | Reached skill level 12 in Axes
  7432 | D:9      | Reached XP level 10. HP: 65/90 MP: 9/9
  8301 | D:9      | Found a white marble altar of Elyvilon.
  8353 | D:9      | Found Feneil's General Store.
  8361 | D:9      | Bought a potion of might for 60 gold pieces
  8483 | D:10     | Entered Level 10 of the Dungeon
  8710 | D:10     | Reached skill level 13 in Axes
  8896 | D:10     | Noticed a death yak
  8897 | D:10     | Noticed a death yak
  8897 | D:10     | Found a staircase to the Lair.
  8930 | D:11     | Killed a death yak
  8930 | D:11     | Reached skill level 10 in Armour
  9072 | D:10     | Received a gift from Trog
  9093 | D:10     | Noticed a death yak
  9106 | D:10     | Killed a death yak
  9113 | D:10     | Killed a death yak
  9113 | D:10     | Reached skill level 14 in Axes
  9397 | D:10     | Reached XP level 11. HP: 97/97 MP: 10/10
  9741 | Lair:1   | Entered Level 1 of the Lair of Beasts
  9889 | Lair:1   | Noticed an eight-headed hydra
  9916 | Lair:1   | Killed a ten-headed hydra
 10502 | Lair:1   | Reached skill level 10 in Fighting
 10805 | Lair:1   | Noticed a four-headed hydra
 10827 | Lair:1   | Killed a four-headed hydra
 11490 | Lair:2   | Reached skill level 5 in Dodging
 11505 | Lair:2   | Reached skill level 15 in Axes
 12366 | Lair:2   | Noticed a six-headed hydra
 12378 | Lair:2   | Killed a six-headed hydra
 12769 | Lair:3   | Found a dark tunnel.
 12777 | Volcano  | Entered a volcano
 12907 | Volcano  | Reached XP level 12. HP: 110/110 MP: 11/11
 13720 | Lair:3   | Reached skill level 16 in Axes
 13946 | Lair:3   | Noticed a queen ant
 13958 | Lair:3   | Killed a queen ant
 14750 | Lair:4   | Received a gift from Trog
 14823 | Lair:4   | Found a hole to the Spider Nest.
 15724 | Lair:4   | Found a staircase to the Shoals.
 15749 | Lair:4   | Reached skill level 17 in Axes
 15772 | Lair:4   | Received a gift from Trog
 15876 | Lair:4   | Reached XP level 13. HP: 106/118 MP: 12/12
 16663 | Lair:5   | Found a staircase to the Slime Pits.
 16663 | Lair:5   | Found a viscous altar of Jiyva.
 17304 | Lair:6   | Entered Level 6 of the Lair of Beasts
 17304 | Lair:6   | Found a burning altar of Makhleb.
 17371 | Lair:5   | HP: 7/178 [spiny frog (10)]
 17372 | Lair:5   | HP: 2/178 [spiny frog (3)]
 17373 | Lair:5   | Succumbed to a sea snake's poison

Skill      XL: |  1  2  3  4  5  6  7  8  9 10 11 12 13 |
---------------+----------------------------------------+-----
Axes           | 4 6 7 8 10 12 14 15 17 | 17.7
Fighting       | 4 5 6 8 9 11 12 | 12.6
Armour         | 3 4 5 7 8 10 11 12 13 | 13.2
Dodging        | 3 6 8 |  8.9
Stealth        | 1 |  1.9
Evocations     | |  0.5

Action                   |  1- 3 |  4- 6 |  7- 9 | 10-12 | 13-15 || total
-------------------------+-------+-------+-------+-------+-------++-------
Melee: Hand axe          |    80 |   137 |   144 |       |       ||   361
       Headbutt          |     8 |    18 |    56 |   144 |    22 ||   248
       War axe           |       |       |    33 |       |       ||    33
       Battleaxe         |       |       |    66 |   273 |       ||   339
       Spear             |       |       |       |    11 |     4 ||    15
       Executioner's axe |       |       |       |   151 |    61 ||   212
Invok: Berserk           |     1 |     4 |    12 |    15 |     2 ||    34
       Brothers in Arms  |       |       |       |     3 |       ||     3
 Abil: Evoke Blink       |       |       |       |     1 |       ||     1
Evoke: Lamp of fire      |       |       |       |     1 |       ||     1
  Use: Scroll            |       |       |     8 |    12 |       ||    20
  Eat: Chunk             |     1 |     9 |    16 |    41 |     6 ||    73
       Ration            |       |       |     4 |     4 |       ||     8
Armor: Animal skin       |    20 |       |       |       |       ||    20
       Ring mail         |       |    27 |       |       |       ||    27
       Chain mail        |       |    51 |   114 |       |       ||   165
       Plate armour      |       |       |    18 |   254 |    39 ||   311
Dodge: Dodged            |    54 |    61 |   137 |   279 |    57 ||   588
